VANCOUVER Canucks vs FLORIDA Panthers

Created - 18 février 2024 at 08:14

Goals
1 2 3 T
VANCOUVER Canucks 0 0 0 0
FLORIDA Panthers 2 2 1 5
Shots
1 2 3 T
VANCOUVER Canucks 3 6 9 18
FLORIDA Panthers 15 7 6 28

1st period

1. FLORIDA Panthers , Brock Nelson 2 (Matthew Tkachuk 4) at 10:32
2. FLORIDA Panthers , Vincent Trocheck 1 (Josh Morrissey 4) at 13:17 (PP)

Penalties :
Jake McCabe (VAN) for Hooking (Minor) at 0:10, Radim Simek (VAN) for Roughing (Minor) at 11:32, Jakob Silfverberg (VAN) for Roughing (Minor) at 14:06

2nd period

3. FLORIDA Panthers , Matthew Tkachuk 2 (Steven Stamkos 4, Dougie Hamilton 2) at 9:17 (PP)
4. FLORIDA Panthers , Brock Nelson 3 (Vincent Trocheck 2, Brandon Saad 2) at 10:44 (PP)

Penalties :
Brady Skjei (FLO) for Hooking (Minor) at 2:45, Jake McCabe (VAN) for High sticking (Minor) at 9:03, Jake McCabe (VAN) for Slashing (Minor) at 9:30, Josh Morrissey (FLO) for Interference (Minor) at 12:40, Eetu Luostarinen (FLO) for Checking from behind (Minor) at 16:10

3rd period

5. FLORIDA Panthers , Steven Stamkos 2 (Matthew Tkachuk 5, Brady Skjei 5) at 5:27

Penalties :
No Penalty

Goalie Stats

Joonas Korpisalo (VAN), 5 saves from 5 shots - (1,000), 14:33 minutes
Jake Oettinger (VAN), 18 saves from 23 shots - (0,783), L, 3-2-0, 45:27 minutes
Darcy Kuemper (FLO), 18 saves from 18 shots - (1,000), W, 5-0-0, 60:00 minutes

Players Stats for VANCOUVER Canucks

Player Name              G  A  P  +/- PIM S  H  SB GA TA FO     MP     PP MP  PK MP  
------------------------------------------------------------------------------------
Bryan Little             0  0  0   0  0   0  0  1  0  0  6/10   22:33   3:23   2:57 
Christopher Tanev        0  0  0   0  0   0  2  3  0  0  0/0    22:53   2:29   4:40 
Jake McCabe              0  0  0   0  6   0  3  0  0  0  0/0    23:26   3:28   2:16 
Jakob Silfverberg        0  0  0   0  2   3  3  1  0  0  3/4    23:23   3:41   3:30 
Josh Norris              0  0  0   0  0   0  0  0  0  0  1/2    14:43   1:02   0:00 
Juuso Parssinen          0  0  0  -1  0   0  0  0  0  0  0/0     2:51   0:00   0:00 
Mark Kastelic            0  0  0   0  0   0  0  0  0  0  0/0     0:00   0:00   0:00 
Mason Appleton           0  0  0   0  0   0  1  0  0  0  5/14   13:59   0:18   0:00 
Matt Boldy               0  0  0   0  0   4  2  0  0  0  6/21   21:49   3:41   1:55 
Mikhail Sergachev        0  0  0   0  0   1  1  1  0  0  0/0    26:09   3:28   4:50 
Nils Lundkvist           0  0  0  -2  0   0  1  2  0  0  0/0    13:23   0:00   0:00 
Philip Tomasino          0  0  0   0  0   5  1  0  0  0  0/1    13:41   0:00   0:00 
Radim Simek              0  0  0   0  2   1  5  1  0  0  0/0    20:40   2:27   2:36 
Shane Pinto              0  0  0  -1  0   0  1  0  0  0  10/18  14:07   0:00   0:00 
Stefan Noesen            0  0  0  -1  0   1  1  0  0  0  1/1     5:58   2:16   0:51 
Teddy Blueger            0  0  0  -1  0   2  2  0  0  0  1/1    14:07   0:00   0:00 
Tyler Pitlick            0  0  0  -2  0   1  2  1  0  0  2/14   25:37   3:30   5:09 
Victor Mete              0  0  0  -2  0   0  1  2  0  0  0/0    13:25   0:02   0:00 

Players Stats for FLORIDA Panthers

Player Name              G  A  P  +/- PIM S  H  SB GA TA FO     MP     PP MP  PK MP  
------------------------------------------------------------------------------------
Adam Henrique            0  0  0   0  0   0  1  0  0  0  10/12  14:23   0:00   1:38 
Brady Skjei              0  1  1   2  2   2  4  0  0  0  0/0    23:05   2:34   1:56 
Brandon Saad             0  1  1   0  0   1  1  0  0  0  1/1    14:54   3:11   0:00 
Brock Nelson             2  0  2   2  0   4  1  0  0  0  5/6    22:21   3:11   3:34 
Carter Verhaeghe         0  0  0   0  0   1  1  0  0  0  0/1    15:43   4:00   0:00 
Connor Murphy            0  0  0   0  0   1  1  3  0  0  0/0    17:59   0:00   3:21 
Derek Grant              0  0  0   0  0   0  0  0  0  0  3/7     6:48   0:00   0:00 
Dougie Hamilton          0  1  1   0  0   2  3  1  0  0  0/0    19:26   4:37   1:11 
Eetu Luostarinen         0  0  0   0  2   1  1  1  0  0  0/0    14:08   0:00   1:24 
Jordan Martinook         0  0  0   0  0   0  0  0  0  0  0/0     8:11   0:00   1:23 
Josh Morrissey           0  1  1   2  2   2  4  0  0  0  0/0    25:04   4:37   1:52 
Matt Irwin               0  0  0   0  0   0  0  1  0  0  0/0    14:38   0:00   0:00 
Matthew Tkachuk          1  2  3   2  0   4  5  0  0  0  0/1    19:36   4:00   0:00 
Ryan McDonagh            0  0  0   0  0   1  0  0  0  0  0/0    19:46   2:34   3:34 
Ryan McLeod              0  0  0   0  0   2  0  0  0  0  1/1     6:48   0:00   0:00 
Steven Stamkos           1  1  2   2  0   4  3  0  0  0  16/28  19:36   4:00   0:00 
Vincent Trocheck         1  1  2   0  0   3  3  0  0  0  15/29  18:49   3:11   3:55 
Yegor Sharangovich       0  0  0   0  0   0  1  0  0  0  0/0    12:45   0:00   0:00 

3 Stars

1 - Matthew Tkachuk (FLO)
2 - Brock Nelson (FLO)
3 - Steven Stamkos (FLO)

Power Play

VANCOUVER Canucks - 0 on 3 Attempt(s) - 0,00%
FLORIDA Panthers - 3 on 5 Attempt(s) - 60,00%

Penalty Kill

VANCOUVER Canucks - 2 on 5 Attempt(s) - 40,00% - Score 0 goal in Penalty Kill
FLORIDA Panthers - 3 on 3 Attempt(s) - 100,00% - Score 0 goal in Penalty Kill

Team Stat

VANCOUVER Canucks - Hits : 26 - Faceoff Wins : 35 - Blocked Shots : 12 - Penalty Minutes : 10
FLORIDA Panthers - Hits : 29 - Faceoff Wins : 51 - Blocked Shots : 6 - Penalty Minutes : 6

Official

Referees : Elizabeth Mantha and Brandon Blandina
Linesman : Daniel Negreanu and Julien Fournier

Game Notes

Joonas Korpisalo enters game at 5:27 of 3rd period

Finance

Level 1 -- Attendance: 4904 (77,23%) -- Ticket Income $490,400
Level 2 -- Attendance: 4691 (90,21%) -- Ticket Income $267,387
Level 3 -- Attendance: 2448 (81,60%) -- Ticket Income $78,336
Level 4 -- Attendance: 4064 (88,35%) -- Ticket Income $81,280
Luxury Box -- Attendance: 943 (92,00%) -- Ticket Income $183,885
Game was played at the BB-T Center.
Total Attendance: 17050 (84,51%)
Total Ticket Income: $1,101,288
Other Income: $275,322
Total Income: $1,376,610

VANCOUVER Canucks

5 vs 5 Forward 
   Center                   Left Wing                Right Wing               Time % Phy DF OF 
 1 Matt Boldy               Jakob Silfverberg        Bryan Little             40     1   2  2  
 2 Shane Pinto              Teddy Blueger            Tyler Pitlick            30     1   2  2  
 3 Mason Appleton           Philip Tomasino          Josh Norris              20     1   2  2  
 4 Tyler Pitlick            Juuso Parssinen          Stefan Noesen            10     1   2  2  

5 vs 5 Defense 
   Defense                  Defense                                           Time % Phy DF OF 
 1 Mikhail Sergachev        Jake McCabe                                       40     1   2  2  
 2 Christopher Tanev        Radim Simek                                       30     1   2  2  
 3 Nils Lundkvist           Victor Mete                                       20     1   2  2  
 4 Mikhail Sergachev        Christopher Tanev                                 10     1   2  2  

PowerPlay Forward 
   Center                   Left Wing                Right Wing               Time % Phy DF OF 
 1 Matt Boldy               Jakob Silfverberg        Bryan Little             60     1   2  2  
 2 Bryan Little             Stefan Noesen            Tyler Pitlick            40     1   2  2  

PowerPlay Defense
   Defense                  Defense                                           Time % Phy DF OF 
 1 Mikhail Sergachev        Jake McCabe                                       60     1   2  2  
 2 Christopher Tanev        Radim Simek                                       40     1   2  2  

Penalty Kill 4 Players Forward 
   Center                   Wing                     Time % Phy DF OF 
 1 Tyler Pitlick            Jakob Silfverberg        60     1   2  2  
 2 Bryan Little             Matt Boldy               40     1   2  2  

Penalty Kill 4 Players Defense
   Defense                  Defense                  Time % Phy DF OF 
 1 Mikhail Sergachev        Jake McCabe              60     1   2  2  
 2 Christopher Tanev        Radim Simek              40     1   2  2  

Penalty Kill - 3 Players Forward 
   Forward                                           Time % Phy DF OF 
 1 Jakob Silfverberg                                 60     1   2  2  
 2 Bryan Little                                      40     1   2  2  

Penalty Kill - 3 Players Defense
   Defense                  Defense                  Time % Phy DF OF 
 1 Mikhail Sergachev        Nils Lundkvist           60     1   2  2  
 2 Christopher Tanev        Radim Simek              40     1   2  2  

4 vs 4 Forward 
   Center                   Wing                     Time % Phy DF OF 
 1 Tyler Pitlick            Jakob Silfverberg        60     1   2  2  
 2 Bryan Little             Matt Boldy               40     1   2  2  

4 vs 4 Defense
   Defense                  Defense                  Time % Phy DF OF 
 1 Jake McCabe              Mikhail Sergachev        60     1   2  2  
 2 Christopher Tanev        Radim Simek              40     1   2  2  

Last Minutes Offensive
   Center                   Left Wing                Right Wing               Defense                  Defense                  
   Matt Boldy               Jakob Silfverberg        Bryan Little             Mikhail Sergachev        Jake McCabe              

Last Minutes Defensive
   Center                   Left Wing                Right Wing               Defense                  Defense                  
   Matt Boldy               Jakob Silfverberg        Bryan Little             Mikhail Sergachev        Jake McCabe              

Goaltenders
Starting : Jake Oettinger           
Backup : Joonas Korpisalo         

Extra Forwards
Normal : Bryan Little, Tyler Pitlick, Jakob Silfverberg - PP : Bryan Little, Tyler Pitlick - PK : Bryan Little
Extra Defensemen
Normal : Christopher Tanev, Radim Simek, Victor Mete - PP : Christopher Tanev - PK : Christopher Tanev, Radim Simek
Penalty Shots
Tyler Pitlick, Jakob Silfverberg, Bryan Little, Teddy Blueger, Shane Pinto

Scratches
Michael Kesselring (Healthy), Martin Jones (Healthy)

FLORIDA Panthers

5 vs 5 Forward 
   Center                   Left Wing                Right Wing               Time % Phy DF OF 
 1 Steven Stamkos           Brock Nelson             Matthew Tkachuk          40     1   2  2  
 2 Vincent Trocheck         Carter Verhaeghe         Brandon Saad             30     1   2  2  
 3 Adam Henrique            Eetu Luostarinen         Yegor Sharangovich       20     1   2  2  
 4 Derek Grant              Ryan McLeod              Jordan Martinook         10     1   2  2  

5 vs 5 Defense 
   Defense                  Defense                                           Time % Phy DF OF 
 1 Josh Morrissey           Brady Skjei                                       40     1   2  2  
 2 Dougie Hamilton          Ryan McDonagh                                     30     1   2  2  
 3 Connor Murphy            Matt Irwin                                        20     1   3  1  
 4 Josh Morrissey           Ryan McDonagh                                     10     1   2  2  

PowerPlay Forward 
   Center                   Left Wing                Right Wing               Time % Phy DF OF 
 1 Steven Stamkos           Carter Verhaeghe         Matthew Tkachuk          60     1   1  3  
 2 Vincent Trocheck         Brock Nelson             Brandon Saad             40     1   1  3  

PowerPlay Defense
   Defense                  Defense                                           Time % Phy DF OF 
 1 Josh Morrissey           Dougie Hamilton                                   60     1   2  2  
 2 Brady Skjei              Ryan McDonagh                                     40     1   2  2  

Penalty Kill 4 Players Forward 
   Center                   Wing                     Time % Phy DF OF 
 1 Vincent Trocheck         Brock Nelson             60     1   3  1  
 2 Adam Henrique            Eetu Luostarinen         40     1   4  0  

Penalty Kill 4 Players Defense
   Defense                  Defense                  Time % Phy DF OF 
 1 Ryan McDonagh            Brady Skjei              60     1   2  2  
 2 Connor Murphy            Josh Morrissey           40     1   2  2  

Penalty Kill - 3 Players Forward 
   Forward                                           Time % Phy DF OF 
 1 Eetu Luostarinen                                  60     1   4  0  
 2 Vincent Trocheck                                  40     1   2  2  

Penalty Kill - 3 Players Defense
   Defense                  Defense                  Time % Phy DF OF 
 1 Connor Murphy            Ryan McDonagh            60     1   2  2  
 2 Brady Skjei              Josh Morrissey           40     1   2  2  

4 vs 4 Forward 
   Center                   Wing                     Time % Phy DF OF 
 1 Steven Stamkos           Matthew Tkachuk          60     1   2  2  
 2 Vincent Trocheck         Brock Nelson             40     1   2  2  

4 vs 4 Defense
   Defense                  Defense                  Time % Phy DF OF 
 1 Josh Morrissey           Ryan McDonagh            60     1   2  2  
 2 Brady Skjei              Dougie Hamilton          40     1   2  2  

Last Minutes Offensive
   Center                   Left Wing                Right Wing               Defense                  Defense                  
   Steven Stamkos           Brock Nelson             Matthew Tkachuk          Josh Morrissey           Dougie Hamilton          

Last Minutes Defensive
   Center                   Left Wing                Right Wing               Defense                  Defense                  
   Vincent Trocheck         Brock Nelson             Brandon Saad             Ryan McDonagh            Brady Skjei              

Goaltenders
Starting : Darcy Kuemper            
Backup : Cayden Primeau           

Extra Forwards
Normal : Matthew Tkachuk, Adam Henrique, Eetu Luostarinen - PP : Yegor Sharangovich, Adam Henrique - PK : Eetu Luostarinen
Extra Defensemen
Normal : Connor Murphy, Dougie Hamilton, Brady Skjei - PP : Dougie Hamilton - PK : Ryan McDonagh, Brady Skjei
Penalty Shots
Steven Stamkos, Matthew Tkachuk, Brock Nelson, Vincent Trocheck, Carter Verhaeghe

Scratches
None


% Time on Ice - VANCOUVER Canucks

Lines # - Real PCT - Wanted PCT - Time Play
Normal Forward
1 - 35% - 40% - 16:13
2 - 30% - 30% - 14:07
3 - 29% - 20% - 13:41
4 - 6% - 10% - 2:51
Normal Defense
1 - 38% - 40% - 17:45
2 - 33% - 30% - 15:38
3 - 29% - 20% - 13:23
4 - 0% - 10% - 0:06
PP Forward
1 - 62% - 60% - 3:41
2 - 38% - 40% - 2:16
PP Defense
1 - 58% - 60% - 3:28
2 - 42% - 40% - 2:29
PK Forward
1 - 73% - 60% - 5:16
2 - 27% - 40% - 1:55
PK Defense
1 - 59% - 60% - 4:16
2 - 41% - 40% - 2:55
PK3 Forward
1 - 0% - 60%
2 - 0% - 40%
PK3 Defense
1 - 0% - 60%
2 - 0% - 40%
44 Forward
1 - 0% - 60%
2 - 0% - 40%
44 Defense
1 - 0% - 60%
2 - 0% - 40%
Last Minute Offensive  - 0:00
Last Minute Defensive  - 0:00
Total
Forward - 60:00
Defense - 60:00

% Time on Ice - FLORIDA Panthers

Lines # - Real PCT - Wanted PCT - Time Play
Normal Forward
1 - 33% - 40% - 15:36
2 - 25% - 30% - 11:43
3 - 27% - 20% - 12:45
4 - 15% - 10% - 6:48
Normal Defense
1 - 40% - 40% - 18:36
2 - 29% - 30% - 13:38
3 - 31% - 20% - 14:38
4 - 0% - 10% - 0:00
PP Forward
1 - 56% - 60% - 4:00
2 - 44% - 40% - 3:11
PP Defense
1 - 64% - 60% - 4:37
2 - 36% - 40% - 2:34
PK Forward
1 - 73% - 60% - 4:19
2 - 27% - 40% - 1:38
PK Defense
1 - 55% - 60% - 3:16
2 - 45% - 40% - 2:41
PK3 Forward
1 - 0% - 60%
2 - 0% - 40%
PK3 Defense
1 - 0% - 60%
2 - 0% - 40%
44 Forward
1 - 0% - 60%
2 - 0% - 40%
44 Defense
1 - 0% - 60%
2 - 0% - 40%
Last Minute Offensive  - 0:00
Last Minute Defensive  - 0:00
Total
Forward - 60:00
Defense - 60:00

Play-by-Play

1st period


0:01 of 1st period - Brock Nelson wins face-off versus Matt Boldy in neutral zone.
0:04 of 1st period - Mikhail Sergachev is hit by Matthew Tkachuk and loses puck.
0:10 of 1st period - Minor Penalty to Jake McCabe for Hooking.
0:11 of 1st period - Steven Stamkos wins face-off versus Tyler Pitlick in VANCOUVER Canucks zone.
0:34 of 1st period - Shot by Matthew Tkachuk.
0:34 of 1st period - Stopped by Jake Oettinger without a rebound.
0:35 of 1st period - Brandon Saad wins face-off versus Bryan Little in VANCOUVER Canucks zone.
0:35 of 1st period - Brandon Saad is hit by Radim Simek.
0:37 of 1st period - Shot by Brady Skjei.
0:37 of 1st period - Shot Misses the Net.
0:39 of 1st period - Shot by Brady Skjei.
0:39 of 1st period - Stopped by Jake Oettinger without a rebound.
0:40 of 1st period - Bryan Little wins face-off versus Vincent Trocheck in VANCOUVER Canucks zone.
0:49 of 1st period - Christopher Tanev is hit by Brandon Saad and loses puck.
0:54 of 1st period - Shot by Brady Skjei.
0:54 of 1st period - Shot Misses the Net.
0:56 of 1st period - Shot by Ryan McDonagh.
0:56 of 1st period - Shot Misses the Net.
1:14 of 1st period - Shot by Brock Nelson.
1:14 of 1st period - Stopped by Jake Oettinger without a rebound.
1:15 of 1st period - Steven Stamkos wins face-off versus Tyler Pitlick in VANCOUVER Canucks zone.
1:17 of 1st period - Matthew Tkachuk is hit by Radim Simek and loses puck.
1:45 of 1st period - Shot by Steven Stamkos.
1:45 of 1st period - Stopped by Jake Oettinger with a rebound.
2:10 of 1st period - Icing by Josh Morrissey.
2:11 of 1st period - Mason Appleton wins face-off versus Adam Henrique in FLORIDA Panthers zone.
3:28 of 1st period - Shot by Ryan McLeod.
3:28 of 1st period - Stopped by Jake Oettinger with a rebound.
4:30 of 1st period - Brock Nelson is hit by Teddy Blueger and loses puck.
5:12 of 1st period - Shot by Philip Tomasino.
5:12 of 1st period - Stopped by Darcy Kuemper without a rebound.
5:13 of 1st period - Jakob Silfverberg wins face-off versus Vincent Trocheck in FLORIDA Panthers zone.
5:28 of 1st period - Shot by Jakob Silfverberg.
5:28 of 1st period - Shot Blocked by Connor Murphy.
5:44 of 1st period - Off-side.
5:45 of 1st period - Adam Henrique wins face-off versus Mason Appleton in neutral zone.
8:32 of 1st period - Icing by Radim Simek.
8:33 of 1st period - Adam Henrique wins face-off versus Matt Boldy in VANCOUVER Canucks zone.
9:10 of 1st period - Eetu Luostarinen is hit by Jake McCabe and loses puck.
9:47 of 1st period - Shot by Victor Mete.
9:47 of 1st period - Shot Blocked by Dougie Hamilton.
9:58 of 1st period - Icing by Ryan McDonagh.
9:59 of 1st period - Adam Henrique wins face-off versus Shane Pinto in FLORIDA Panthers zone.
9:59 of 1st period - Adam Henrique is hit by Teddy Blueger.
10:15 of 1st period - Icing by Teddy Blueger.
10:16 of 1st period - Shane Pinto wins face-off versus Steven Stamkos in VANCOUVER Canucks zone.
10:20 of 1st period - Icing by Victor Mete.
10:21 of 1st period - Steven Stamkos wins face-off versus Shane Pinto in VANCOUVER Canucks zone.
10:32 of 1st period - Shot by Brock Nelson.
10:32 of 1st period - Goal by Brock Nelson - VANCOUVER Canucks : 0 - FLORIDA Panthers : 1.
10:33 of 1st period - Matt Boldy wins face-off versus Carter Verhaeghe in neutral zone.
10:50 of 1st period - Shot by Matt Boldy.
10:50 of 1st period - Stopped by Darcy Kuemper without a rebound.
10:51 of 1st period - Mason Appleton wins face-off versus Steven Stamkos in FLORIDA Panthers zone.
11:22 of 1st period - Steven Stamkos is hit by Christopher Tanev and loses puck.
11:32 of 1st period - Minor Penalty to Radim Simek for Roughing.
11:33 of 1st period - Tyler Pitlick wins face-off versus Vincent Trocheck in VANCOUVER Canucks zone.
11:39 of 1st period - Icing by Vincent Trocheck.
11:40 of 1st period - Brock Nelson wins face-off versus Tyler Pitlick in FLORIDA Panthers zone.
12:11 of 1st period - Shot by Brock Nelson.
12:11 of 1st period - Shot Hit the Post.
12:46 of 1st period - Steven Stamkos is hit by Mikhail Sergachev and loses puck.
13:01 of 1st period - Shot by Carter Verhaeghe.
13:01 of 1st period - Stopped by Jake Oettinger without a rebound.
13:02 of 1st period - Jakob Silfverberg wins face-off versus Vincent Trocheck in VANCOUVER Canucks zone.
13:17 of 1st period - Shot by Vincent Trocheck.
13:17 of 1st period - Goal by Vincent Trocheck - VANCOUVER Canucks : 0 - FLORIDA Panthers : 2.
13:18 of 1st period - Derek Grant wins face-off versus Mason Appleton in neutral zone.
13:31 of 1st period - Shot by Ryan McLeod.
13:31 of 1st period - Stopped by Jake Oettinger without a rebound.
13:32 of 1st period - Jakob Silfverberg wins face-off versus Vincent Trocheck in VANCOUVER Canucks zone.
13:42 of 1st period - Josh Morrissey is hit by Jakob Silfverberg and loses puck.
13:48 of 1st period - Brady Skjei is hit by Victor Mete and loses puck.
14:06 of 1st period - Minor Penalty to Jakob Silfverberg for Roughing.
14:07 of 1st period - Steven Stamkos wins face-off versus Tyler Pitlick in VANCOUVER Canucks zone.
14:14 of 1st period - Shot by Matthew Tkachuk.
14:14 of 1st period - Shot Misses the Net.
14:16 of 1st period - Shot by Dougie Hamilton.
14:16 of 1st period - Stopped by Jake Oettinger with a rebound.
14:18 of 1st period - Shot by Josh Morrissey.
14:18 of 1st period - Stopped by Jake Oettinger with a rebound.
14:20 of 1st period - Shot by Matthew Tkachuk.
14:20 of 1st period - Shot Misses the Net.
14:22 of 1st period - Shot by Josh Morrissey.
14:22 of 1st period - Stopped by Jake Oettinger without a rebound.
14:23 of 1st period - Vincent Trocheck wins face-off versus Tyler Pitlick in VANCOUVER Canucks zone.
14:33 of 1st period - Brock Nelson is hit by Radim Simek and loses puck.
14:38 of 1st period - Shot by Brandon Saad.
14:38 of 1st period - Deflect By Vincent Trocheck.
14:38 of 1st period - Shot Misses the Net.
14:48 of 1st period - Shot by Ryan McDonagh.
14:48 of 1st period - Shot Misses the Net.
14:50 of 1st period - Shot by Brady Skjei.
14:50 of 1st period - Shot Misses the Net.
14:52 of 1st period - Shot by Ryan McDonagh.
14:52 of 1st period - Shot Blocked by Tyler Pitlick.
14:54 of 1st period - Shot by Brady Skjei.
14:54 of 1st period - Shot Misses the Net.
14:56 of 1st period - Shot by Vincent Trocheck.
14:56 of 1st period - Deflect By Brock Nelson.
14:56 of 1st period - Stopped by Jake Oettinger without a rebound.
14:57 of 1st period - Steven Stamkos wins face-off versus Tyler Pitlick in VANCOUVER Canucks zone.
15:14 of 1st period - Shot by Dougie Hamilton.
15:14 of 1st period - Stopped by Jake Oettinger without a rebound.
15:15 of 1st period - Bryan Little wins face-off versus Steven Stamkos in VANCOUVER Canucks zone.
15:48 of 1st period - Icing by Josh Morrissey.
15:49 of 1st period - Steven Stamkos wins face-off versus Tyler Pitlick in FLORIDA Panthers zone.
15:49 of 1st period - Steven Stamkos is hit by Stefan Noesen.
15:52 of 1st period - Icing by Josh Morrissey.
15:53 of 1st period - Steven Stamkos wins face-off versus Tyler Pitlick in FLORIDA Panthers zone.
16:01 of 1st period - Icing by Josh Morrissey.
16:02 of 1st period - Steven Stamkos wins face-off versus Tyler Pitlick in FLORIDA Panthers zone.
16:20 of 1st period - Icing by Derek Grant.
16:21 of 1st period - Bryan Little wins face-off versus Derek Grant in FLORIDA Panthers zone.
16:25 of 1st period - Icing by Connor Murphy.
16:26 of 1st period - Bryan Little wins face-off versus Derek Grant in FLORIDA Panthers zone.
16:41 of 1st period - Shot by Mikhail Sergachev.
16:41 of 1st period - Shot Blocked by Connor Murphy.
16:58 of 1st period - Jake McCabe is hit by Connor Murphy and loses puck.
17:11 of 1st period - Icing by Connor Murphy.
17:12 of 1st period - Shane Pinto wins face-off versus Derek Grant in FLORIDA Panthers zone.
17:21 of 1st period - Shot by Teddy Blueger.
17:21 of 1st period - Shot Misses the Net.
17:46 of 1st period - Icing by Radim Simek.
17:47 of 1st period - Shane Pinto wins face-off versus Steven Stamkos in VANCOUVER Canucks zone.
18:22 of 1st period - Icing by Christopher Tanev.
18:23 of 1st period - Vincent Trocheck wins face-off versus Shane Pinto in VANCOUVER Canucks zone.
18:30 of 1st period - Shot by Brandon Saad.
18:30 of 1st period - Stopped by Jake Oettinger with a rebound.
18:47 of 1st period - Bryan Little is hit by Dougie Hamilton and loses puck.
18:54 of 1st period - Shot by Matt Boldy.
18:54 of 1st period - Stopped by Darcy Kuemper without a rebound.
18:55 of 1st period - Steven Stamkos wins face-off versus Mason Appleton in FLORIDA Panthers zone.
18:59 of 1st period - Icing by Steven Stamkos.
19:00 of 1st period - Steven Stamkos wins face-off versus Matt Boldy in FLORIDA Panthers zone.
19:28 of 1st period - Off-side.
19:29 of 1st period - Vincent Trocheck wins face-off versus Mason Appleton in neutral zone.
19:29 of 1st period - Vincent Trocheck is hit by Philip Tomasino.
19:43 of 1st period - Icing by Josh Norris.
19:44 of 1st period - Adam Henrique wins face-off versus Mason Appleton in VANCOUVER Canucks zone.
Goals for this period are 0 for VANCOUVER Canucks vs 2 for FLORIDA Panthers.
Shots for this period are 3 for VANCOUVER Canucks vs 15 for FLORIDA Panthers.

2nd period


0:01 of 2nd period - Steven Stamkos wins face-off versus Matt Boldy in neutral zone.
0:12 of 2nd period - Icing by Josh Morrissey.
0:13 of 2nd period - Shane Pinto wins face-off versus Brock Nelson in FLORIDA Panthers zone.
0:33 of 2nd period - Icing by Radim Simek.
0:34 of 2nd period - Shane Pinto wins face-off versus Vincent Trocheck in VANCOUVER Canucks zone.
0:51 of 2nd period - Shot by Teddy Blueger.
0:51 of 2nd period - Stopped by Darcy Kuemper without a rebound.
0:52 of 2nd period - Steven Stamkos wins face-off versus Matt Boldy in FLORIDA Panthers zone.
0:52 of 2nd period - Steven Stamkos is hit by Jakob Silfverberg.
1:02 of 2nd period - Shot by Matthew Tkachuk.
1:02 of 2nd period - Stopped by Jake Oettinger with a rebound.
1:19 of 2nd period - Off-side.
1:20 of 2nd period - Shane Pinto wins face-off versus Vincent Trocheck in neutral zone.
1:20 of 2nd period - Teddy Blueger is hit by Vincent Trocheck and loses puck.
1:40 of 2nd period - Carter Verhaeghe is hit by Christopher Tanev and loses puck.
2:02 of 2nd period - Shot by Carter Verhaeghe.
2:02 of 2nd period - Shot Misses the Net.
2:04 of 2nd period - Shot by Brandon Saad.
2:04 of 2nd period - Shot Misses the Net.
2:15 of 2nd period - Christopher Tanev is hit by Brady Skjei and loses puck.
2:45 of 2nd period - Minor Penalty to Brady Skjei for Hooking.
2:46 of 2nd period - Brock Nelson wins face-off versus Matt Boldy in FLORIDA Panthers zone.
3:08 of 2nd period - Shot by Mikhail Sergachev.
3:08 of 2nd period - Shot Misses the Net.
3:10 of 2nd period - Shot by Bryan Little.
3:10 of 2nd period - Shot Misses the Net.
3:30 of 2nd period - Shot by Christopher Tanev.
3:30 of 2nd period - Shot Misses the Net.
5:00 of 2nd period - Shot by Steven Stamkos.
5:00 of 2nd period - Shot Misses the Net.
5:14 of 2nd period - Shot by Josh Morrissey.
5:14 of 2nd period - Shot Blocked by Victor Mete.
5:16 of 2nd period - Shot by Brock Nelson.
5:16 of 2nd period - Shot Blocked by Nils Lundkvist.
5:49 of 2nd period - Off-side.
5:50 of 2nd period - Derek Grant wins face-off versus Shane Pinto in neutral zone.
6:07 of 2nd period - Shot by Derek Grant.
6:07 of 2nd period - Shot Misses the Net.
6:09 of 2nd period - Shot by Ryan McDonagh.
6:09 of 2nd period - Shot Blocked by Christopher Tanev.
6:39 of 2nd period - Icing by Vincent Trocheck.
6:40 of 2nd period - Bryan Little wins face-off versus Vincent Trocheck in FLORIDA Panthers zone.
6:56 of 2nd period - Josh Morrissey is hit by Jake McCabe.
7:19 of 2nd period - Icing by Brady Skjei.
7:20 of 2nd period - Vincent Trocheck wins face-off versus Josh Norris in FLORIDA Panthers zone.
7:48 of 2nd period - Shot by Philip Tomasino.
7:48 of 2nd period - Stopped by Darcy Kuemper without a rebound.
7:49 of 2nd period - Adam Henrique wins face-off versus Shane Pinto in FLORIDA Panthers zone.
7:49 of 2nd period - Adam Henrique is hit by Shane Pinto.
8:14 of 2nd period - Dougie Hamilton is hit by Radim Simek and loses puck.
8:23 of 2nd period - Shot by Eetu Luostarinen.
8:23 of 2nd period - Stopped by Jake Oettinger without a rebound.
8:24 of 2nd period - Brock Nelson wins face-off versus Matt Boldy in VANCOUVER Canucks zone.
8:35 of 2nd period - Shot by Matt Boldy.
8:35 of 2nd period - Stopped by Darcy Kuemper without a rebound.
8:36 of 2nd period - Vincent Trocheck wins face-off versus Mason Appleton in FLORIDA Panthers zone.
9:03 of 2nd period - Minor Penalty to Jake McCabe for High sticking.
9:04 of 2nd period - Tyler Pitlick wins face-off versus Steven Stamkos in VANCOUVER Canucks zone.
9:15 of 2nd period - Shot by Steven Stamkos.
9:15 of 2nd period - Shot Misses the Net.
9:17 of 2nd period - Shot by Matthew Tkachuk.
9:17 of 2nd period - Goal by Matthew Tkachuk - VANCOUVER Canucks : 0 - FLORIDA Panthers : 3.
9:18 of 2nd period - Adam Henrique wins face-off versus Jakob Silfverberg in neutral zone.
9:30 of 2nd period - Minor Penalty to Jake McCabe for Slashing.
9:31 of 2nd period - Vincent Trocheck wins face-off versus Tyler Pitlick in VANCOUVER Canucks zone.
9:32 of 2nd period - Shot by Brady Skjei.
9:32 of 2nd period - Stopped by Jake Oettinger with a rebound.
9:34 of 2nd period - Shot by Brock Nelson.
9:34 of 2nd period - Shot Blocked by Christopher Tanev.
10:10 of 2nd period - Shot by Ryan McDonagh.
10:10 of 2nd period - Stopped by Jake Oettinger without a rebound.
10:11 of 2nd period - Bryan Little wins face-off versus Matthew Tkachuk in VANCOUVER Canucks zone.
10:11 of 2nd period - Mikhail Sergachev is hit by Steven Stamkos.
10:25 of 2nd period - Bryan Little is hit by Carter Verhaeghe and loses puck.
10:32 of 2nd period - Shot by Steven Stamkos.
10:32 of 2nd period - Stopped by Jake Oettinger without a rebound.
10:33 of 2nd period - Vincent Trocheck wins face-off versus Tyler Pitlick in VANCOUVER Canucks zone.
10:34 of 2nd period - Shot by Brock Nelson.
10:34 of 2nd period - Shot Blocked by Jakob Silfverberg.
10:36 of 2nd period - Shot by Brock Nelson.
10:36 of 2nd period - Shot Blocked by Christopher Tanev.
10:44 of 2nd period - Shot by Brock Nelson.
10:44 of 2nd period - Goal by Brock Nelson - VANCOUVER Canucks : 0 - FLORIDA Panthers : 4.
10:45 of 2nd period - Adam Henrique wins face-off versus Mason Appleton in neutral zone.
10:54 of 2nd period - Philip Tomasino is hit by Eetu Luostarinen and loses puck.
11:09 of 2nd period - Shot by Philip Tomasino.
11:09 of 2nd period - Shot Blocked by Connor Murphy.
11:55 of 2nd period - Shot by Matt Boldy.
11:55 of 2nd period - Stopped by Darcy Kuemper without a rebound.
11:56 of 2nd period - Steven Stamkos wins face-off versus Shane Pinto in FLORIDA Panthers zone.
12:02 of 2nd period - Off-side.
12:03 of 2nd period - Matt Boldy wins face-off versus Steven Stamkos in neutral zone.
12:40 of 2nd period - Minor Penalty to Josh Morrissey for Interference.
12:41 of 2nd period - Vincent Trocheck wins face-off versus Bryan Little in FLORIDA Panthers zone.
12:55 of 2nd period - Off-side.
12:56 of 2nd period - Vincent Trocheck wins face-off versus Bryan Little in neutral zone.
13:15 of 2nd period - Shot by Radim Simek.
13:15 of 2nd period - Stopped by Darcy Kuemper without a rebound.
13:16 of 2nd period - Vincent Trocheck wins face-off versus Matt Boldy in FLORIDA Panthers zone.
13:22 of 2nd period - Icing by Mikhail Sergachev.
13:23 of 2nd period - Vincent Trocheck wins face-off versus Matt Boldy in VANCOUVER Canucks zone.
15:37 of 2nd period - Icing by Mason Appleton.
15:38 of 2nd period - Adam Henrique wins face-off versus Mason Appleton in VANCOUVER Canucks zone.
16:05 of 2nd period - Nils Lundkvist is hit by Yegor Sharangovich.
16:10 of 2nd period - Minor Penalty to Eetu Luostarinen for Checking from behind.
16:11 of 2nd period - Brock Nelson wins face-off versus Matt Boldy in FLORIDA Panthers zone.
16:50 of 2nd period - Icing by Christopher Tanev.
16:51 of 2nd period - Adam Henrique wins face-off versus Matt Boldy in VANCOUVER Canucks zone.
17:22 of 2nd period - Shot by Stefan Noesen.
17:22 of 2nd period - Stopped by Darcy Kuemper without a rebound.
17:23 of 2nd period - Vincent Trocheck wins face-off versus Bryan Little in FLORIDA Panthers zone.
18:31 of 2nd period - Adam Henrique is hit by Nils Lundkvist and loses puck.
19:01 of 2nd period - Icing by Matt Irwin.
19:02 of 2nd period - Adam Henrique wins face-off versus Mason Appleton in FLORIDA Panthers zone.
19:02 of 2nd period - Eetu Luostarinen is hit by Mason Appleton and loses puck.
19:23 of 2nd period - Josh Norris is hit by Adam Henrique and loses puck.
Goals for this period are 0 for VANCOUVER Canucks vs 2 for FLORIDA Panthers.
Shots for this period are 6 for VANCOUVER Canucks vs 7 for FLORIDA Panthers.

3rd period


0:01 of 3rd period - Matt Boldy wins face-off versus Steven Stamkos in neutral zone.
0:03 of 3rd period - Mikhail Sergachev is hit by Brady Skjei and loses puck.
0:23 of 3rd period - Off-side.
0:24 of 3rd period - Teddy Blueger wins face-off versus Vincent Trocheck in neutral zone.
1:20 of 3rd period - Off-side.
1:21 of 3rd period - Matt Boldy wins face-off versus Steven Stamkos in neutral zone.
1:21 of 3rd period - Jakob Silfverberg is hit by Matthew Tkachuk and loses puck.
1:30 of 3rd period - Shot by Steven Stamkos.
1:30 of 3rd period - Deflect By Brock Nelson.
1:30 of 3rd period - Shot Misses the Net.
1:32 of 3rd period - Shot by Matthew Tkachuk.
1:32 of 3rd period - Shot Blocked by Mikhail Sergachev.
1:34 of 3rd period - Shot by Brock Nelson.
1:34 of 3rd period - Shot Blocked by Bryan Little.
1:47 of 3rd period - Steven Stamkos is hit by Jake McCabe and loses puck.
3:20 of 3rd period - Shot by Shane Pinto.
3:20 of 3rd period - Shot Blocked by Eetu Luostarinen.
3:22 of 3rd period - Shot by Tyler Pitlick.
3:22 of 3rd period - Stopped by Darcy Kuemper with a rebound.
3:36 of 3rd period - Shot by Tyler Pitlick.
3:36 of 3rd period - Shot Blocked by Matt Irwin.
3:38 of 3rd period - Shot by Teddy Blueger.
3:38 of 3rd period - Stopped by Darcy Kuemper with a rebound.
4:26 of 3rd period - Shot by Bryan Little.
4:26 of 3rd period - Shot Misses the Net.
5:11 of 3rd period - Icing by Stefan Noesen.
5:12 of 3rd period - Steven Stamkos wins face-off versus Tyler Pitlick in VANCOUVER Canucks zone.
5:27 of 3rd period - Shot by Steven Stamkos.
5:27 of 3rd period - Goal by Steven Stamkos - VANCOUVER Canucks : 0 - FLORIDA Panthers : 5.
5:27 of 3rd period - Joonas Korpisalo enters game.
5:28 of 3rd period - Mason Appleton wins face-off versus Vincent Trocheck in neutral zone.
5:33 of 3rd period - Shot by Philip Tomasino.
5:33 of 3rd period - Stopped by Darcy Kuemper without a rebound.
5:34 of 3rd period - Steven Stamkos wins face-off versus Matt Boldy in FLORIDA Panthers zone.
5:34 of 3rd period - Steven Stamkos is hit by Jakob Silfverberg.
5:56 of 3rd period - Jake McCabe is hit by Matthew Tkachuk and loses puck.
6:11 of 3rd period - Shot by Matthew Tkachuk.
6:11 of 3rd period - Stopped by Joonas Korpisalo without a rebound.
6:12 of 3rd period - Josh Norris wins face-off versus Vincent Trocheck in VANCOUVER Canucks zone.
6:12 of 3rd period - Josh Norris is hit by Vincent Trocheck.
6:43 of 3rd period - Icing by Ryan McDonagh.
6:44 of 3rd period - Vincent Trocheck wins face-off versus Shane Pinto in FLORIDA Panthers zone.
7:34 of 3rd period - Steven Stamkos is hit by Tyler Pitlick and loses puck.
7:49 of 3rd period - Shot by Matthew Tkachuk.
7:49 of 3rd period - Shot Misses the Net.
8:26 of 3rd period - Icing by Radim Simek.
8:27 of 3rd period - Matt Boldy wins face-off versus Vincent Trocheck in VANCOUVER Canucks zone.
8:49 of 3rd period - Shot by Vincent Trocheck.
8:49 of 3rd period - Shot Misses the Net.
8:51 of 3rd period - Shot by Vincent Trocheck.
8:51 of 3rd period - Stopped by Joonas Korpisalo with a rebound.
8:53 of 3rd period - Shot by Vincent Trocheck.
8:53 of 3rd period - Shot Blocked by Radim Simek.
8:55 of 3rd period - Shot by Josh Morrissey.
8:55 of 3rd period - Shot Misses the Net.
9:11 of 3rd period - Shot by Connor Murphy.
9:11 of 3rd period - Stopped by Joonas Korpisalo without a rebound.
9:12 of 3rd period - Mason Appleton wins face-off versus Steven Stamkos in VANCOUVER Canucks zone.
9:12 of 3rd period - Mason Appleton is hit by Brock Nelson.
9:15 of 3rd period - Josh Norris is hit by Matthew Tkachuk and loses puck.
9:19 of 3rd period - Nils Lundkvist is hit by Dougie Hamilton and loses puck.
9:24 of 3rd period - Shot by Philip Tomasino.
9:24 of 3rd period - Stopped by Darcy Kuemper without a rebound.
9:25 of 3rd period - Ryan McLeod wins face-off versus Philip Tomasino in FLORIDA Panthers zone.
10:22 of 3rd period - Christopher Tanev is hit by Dougie Hamilton and loses puck.
10:43 of 3rd period - Steven Stamkos is hit by Radim Simek and loses puck.
10:46 of 3rd period - Shot by Steven Stamkos.
10:46 of 3rd period - Stopped by Joonas Korpisalo without a rebound.
10:47 of 3rd period - Shane Pinto wins face-off versus Vincent Trocheck in VANCOUVER Canucks zone.
11:04 of 3rd period - Shane Pinto is hit by Josh Morrissey and loses puck.
11:19 of 3rd period - Shot by Vincent Trocheck.
11:19 of 3rd period - Shot Misses the Net.
11:21 of 3rd period - Shot by Carter Verhaeghe.
11:21 of 3rd period - Deflect By Brandon Saad.
11:21 of 3rd period - Shot Misses the Net.
11:23 of 3rd period - Shot by Carter Verhaeghe.
11:23 of 3rd period - Shot Misses the Net.
11:25 of 3rd period - Shot by Vincent Trocheck.
11:25 of 3rd period - Stopped by Joonas Korpisalo without a rebound.
11:26 of 3rd period - Matt Boldy wins face-off versus Steven Stamkos in VANCOUVER Canucks zone.
11:58 of 3rd period - Bryan Little is hit by Matthew Tkachuk and loses puck.
12:31 of 3rd period - Victor Mete is hit by Steven Stamkos and loses puck.
12:50 of 3rd period - Shot by Philip Tomasino.
12:50 of 3rd period - Stopped by Darcy Kuemper without a rebound.
12:51 of 3rd period - Shane Pinto wins face-off versus Vincent Trocheck in FLORIDA Panthers zone.
12:51 of 3rd period - Jake McCabe is hit by Josh Morrissey and loses puck.
13:09 of 3rd period - Shane Pinto is hit by Brady Skjei and loses puck.
13:27 of 3rd period - Icing by Brady Skjei.
13:28 of 3rd period - Vincent Trocheck wins face-off versus Matt Boldy in FLORIDA Panthers zone.
13:28 of 3rd period - Carter Verhaeghe is hit by Matt Boldy and loses puck.
14:09 of 3rd period - Shot by Jakob Silfverberg.
14:09 of 3rd period - Stopped by Darcy Kuemper without a rebound.
14:10 of 3rd period - Shane Pinto wins face-off versus Derek Grant in FLORIDA Panthers zone.
14:14 of 3rd period - Icing by Connor Murphy.
14:15 of 3rd period - Derek Grant wins face-off versus Shane Pinto in FLORIDA Panthers zone.
14:15 of 3rd period - Derek Grant is hit by Tyler Pitlick.
14:29 of 3rd period - Shot by Shane Pinto.
14:29 of 3rd period - Shot Misses the Net.
14:31 of 3rd period - Shot by Teddy Blueger.
14:31 of 3rd period - Deflect By Tyler Pitlick.
14:31 of 3rd period - Shot Misses the Net.
14:38 of 3rd period - Off-side.
14:39 of 3rd period - Steven Stamkos wins face-off versus Matt Boldy in neutral zone.
15:03 of 3rd period - Icing by Radim Simek.
15:04 of 3rd period - Vincent Trocheck wins face-off versus Matt Boldy in VANCOUVER Canucks zone.
15:19 of 3rd period - Shot by Matt Boldy.
15:19 of 3rd period - Deflect By Jakob Silfverberg.
15:19 of 3rd period - Stopped by Darcy Kuemper without a rebound.
15:20 of 3rd period - Shane Pinto wins face-off versus Steven Stamkos in FLORIDA Panthers zone.
15:20 of 3rd period - Shane Pinto is hit by Josh Morrissey.
15:26 of 3rd period - Shot by Mikhail Sergachev.
15:26 of 3rd period - Stopped by Darcy Kuemper without a rebound.
15:27 of 3rd period - Stefan Noesen wins face-off versus Steven Stamkos in FLORIDA Panthers zone.
16:48 of 3rd period - Jakob Silfverberg is hit by Vincent Trocheck and loses puck.
17:00 of 3rd period - Shot by Matt Boldy.
17:00 of 3rd period - Shot Hit the Post.
17:02 of 3rd period - Shot by Jakob Silfverberg.
17:02 of 3rd period - Stopped by Darcy Kuemper without a rebound.
17:03 of 3rd period - Mason Appleton wins face-off versus Adam Henrique in FLORIDA Panthers zone.
17:34 of 3rd period - Shot by Eetu Luostarinen.
17:34 of 3rd period - Shot Blocked by Nils Lundkvist.
17:38 of 3rd period - Shot by Yegor Sharangovich.
17:38 of 3rd period - Shot Blocked by Victor Mete.
18:08 of 3rd period - Connor Murphy is hit by Matt Boldy and loses puck.
18:30 of 3rd period - Jakob Silfverberg is hit by Josh Morrissey and loses puck.
18:37 of 3rd period - Shot by Matt Boldy.
18:37 of 3rd period - Shot Misses the Net.
19:03 of 3rd period - Jake McCabe is hit by Steven Stamkos and loses puck.
19:17 of 3rd period - Teddy Blueger is hit by Brady Skjei and loses puck.
Goals for this period are 0 for VANCOUVER Canucks vs 1 for FLORIDA Panthers.
Shots for this period are 9 for VANCOUVER Canucks vs 6 for FLORIDA Panthers. Output by the SimonT Hockey Simulator (STHS) for Martin Benoit - Original Page W3C HTML5 Valid
Hockey Simulator - Hockey Simulation - Hockey Manager